 Dungeon Crawl Stone Soup version 0.31.0-11-ge490571c62 (console) character file.

Game seed: 8922446356529239614

4760 zenocrate the Covert (level 10, -2/94 HPs)
             Began as a Kobold Delver on Feb 6, 2024.
             Succumbed to Amaemon's poison
             ... on level 8 of the Dungeon.
             The game lasted 00:13:02 (8308 turns).

zenocrate the Covert (Kobold Delver)                Turns: 8308, Time: 00:13:02

Health: -2/94      AC: 25    Str:  8 (9)  XL:     10   Next: 75%
Magic:  10/10      EV:  3    Int: 16 (18) God:
Gold:   616        SH:  0    Dex: 20 (21) Spells: 9/9 levels left

rFire   . . .        a - +5 dagger (speed)
rCold   . . .        (no shield)
rNeg    + . .        o - melded +3 leather armour {Will+}
rPois   +            z - melded +0 helmet {Int+3}
rElec   .            t - melded +0 cloak
rCorr   .            (gloves currently unavailable)
SInv    .            (boots currently unavailable)
Will    .....        (no amulet)
Stlth   ++++++       l - ring of positive energy
HPRegen 0.35/turn    v - +6 ring of intelligence
MPRegen 0.12/turn

%: no passive effects
@: mighty, lethally poisoned (-2 -> -21), tree-form, studying Maces & Flails
A: stationary, stasis, torment immunity, boosted hp, small, no large weapons,
nightstalker 3
a: no special abilities


You were on level 8 of the Dungeon.
You were a tree.
You visited 2 branches of the dungeon, and saw 9 of its levels.

You collected 616 gold pieces.

Inventory:

Hand Weapons
 a - a +5 dagger of speed (weapon)
 b - a +2 short sword of speed
 y - a +1 dagger of holy wrath
 G - a +2 dagger of chaos
 I - a +1 dagger of venom
 M - a +0 short sword
 N - a +2 vampiric dagger
Missiles
 j - 7 atropa-tipped darts (quivered)
 q - 19 poisoned darts
 x - 6 boomerangs
 J - a throwing net
 L - a curare-tipped dart
Armour
 o - a +3 leather armour of willpower (melded)
 t - a +0 cloak (melded)
 z - a +0 helmet of intelligence (melded)
 B - a +3 leather armour of cold resistance
 H - a +0 leather armour of poison resistance
Jewellery
 l - a ring of positive energy (left branch)
 v - a +6 ring of intelligence (right branch)
 D - a ring of see invisible
 P - an amulet of faith
Wands
 g - a wand of digging (3)
 n - a wand of acid (8)
 O - a wand of mindburst (16)
Scrolls
 c - 4 scrolls of fog
 d - a scroll of revelation
 e - a scroll of fear
 k - 2 scrolls of amnesia
 p - a scroll of vulnerability
 r - 2 scrolls of immolation
 s - a scroll of teleportation
 u - a scroll of torment {unknown}
 w - 3 scrolls of noise
 F - a scroll of enchant weapon {unknown}
 K - a scroll of poison {unknown}
Potions
 f - a potion of haste
 h - a potion of lignification
 i - 3 potions of might
 m - a potion of brilliance
 A - a potion of mutation
 C - 2 potions of attraction
 E - a potion of degeneration


   Skills:
 + Level 7.4 Fighting
 + Level 10.4 Short Blades
 + Level 9.5 Dodging
 + Level 12.6 Stealth
 - Level 4.3 Evocations


You had 9 spell levels left.
You didn't know any spells.
Your spell library contained the following spells:

 Spells                   Type           Power      Damage    Failure   Level
 Freeze                   Ice            0%         1d3       26%         1
 Magic Dart               Conj           0%         1d3       26%         1
 Sandblast                Erth           0%         2d4       26%         1
 Sting                    Conj/Alch      0%         1d3       26%         1
 Searing Ray              Conj           0%         2d4       36%         2
 Static Discharge         Conj/Air       0%         3-3/arc   36%         2
 Frozen Ramparts          Ice            0%         1d1       58%         3
 Hailstorm                Conj/Ice       0%         3d5       58%         3
 Passwall                 Erth           0%         N/A       58%         3
 Stone Arrow              Conj/Erth      0%         3d7       58%         3
 Brom's Barrelling Bould  Conj/Erth      0%         2d3       94%         4
 Fulminant Prism          Conj/Alch      0%         3d5       94%         4
 Orb of Destruction       Conj           0%         9d5       100%        7
 Lehudib's Crystal Spear  Conj/Erth      0%         10d2      100%        8


Dungeon Overview and Level Annotations

Branches:
Dungeon (8/15)             Temple (1/1) D:7
   Lair: D:8-11

Altars:
Ashenzari
Cheibriados
Dithmenos
Elyvilon
Fedhas
Kikubaaqudgha
Makhleb
Nemelex Xobeh
Okawaru
Qazlal
Ru
Sif Muna
Trog
Uskayaw
Vehumet
Wu Jian
Xom
Yredelemnul
Zin
The Shining One

Shops:
D:6 (

Annotations:
D:8 Amaemon


Innate Abilities, Weirdness & Mutations

You are a tree.
Your roots penetrate the ground, keeping you stationary.
You cannot be teleported.
You are immune to unholy pain and torment.
Your maximum health is greatly increased.
Your equipment is partially melded.
You are small and have problems with some larger weapons.
You are completely attuned to the shadows.


Message History

Sorry, you're not good enough to have a special ability.
Sorry, you're not good enough to have a special ability.
Sorry, you're not good enough to have a special ability.
Sorry, you're not good enough to have a special ability.
Sorry, you're not good enough to have a special ability.
You puncture Amaemon!
Amaemon is severely wounded.
* * * LOW HITPOINT WARNING * * *
You feel sick.
Sorry, you're not good enough to have a special ability.
Sorry, you're not good enough to have a special ability.
Sorry, you're not good enough to have a special ability.
Sorry, you're not good enough to have a special ability.
Unknown command.
Sorry, you're not good enough to have a special ability.
Sorry, you're not good enough to have a special ability.
Sorry, you're not good enough to have a special ability.
Sorry, you're not good enough to have a special ability.
Sorry, you're not good enough to have a special ability.
Sorry, you're not good enough to have a special ability.
Sorry, you're not good enough to have a special ability.
Sorry, you're not good enough to have a special ability.
Sorry, you're not good enough to have a special ability.
Sorry, you're not good enough to have a special ability.
Sorry, you're not good enough to have a special ability.
Sorry, you're not good enough to have a special ability.
Sorry, you're not good enough to have a special ability.
Sorry, you're not good enough to have a special ability.
Sorry, you're not good enough to have a special ability.
Unknown command.
Sorry, you're not good enough to have a special ability.
Sorry, you're not good enough to have a special ability.
Sorry, you're not good enough to have a special ability.
Sorry, you're not good enough to have a special ability.
Sorry, you're not good enough to have a special ability.
Sorry, you're not good enough to have a special ability.
Unknown command.
As you read the scroll of identify, it crumbles to dust.
w - 3 scrolls of noise You die...

.......# #.# #..# #.†.#
#.#########6# #.##
#.### #.# ##...#o###
#.# #.# #.#
#....oo...##.# #.# #..
......###.##.# #.#
......# ##.# #.#
#....## # #.# #.#
#.#.## ##. #.# #.##
..4##)# #..#
..s..)##### ##.#
...6♣)..))# #.#
...######.# ####.## #.#
.# #.....# # .# #.##.##
#.# #.#### ### #.# #.#
#># ..# #.# #.# #.# #.#
#.# #.# #.# #.#
####.#######.####.# #.#
..........[.......# #.#
...#.###.#.#######.####


You could see Amaemon (corroded), an orange demon and a scorpion (summoned).

Vanquished Creatures
  Pikel (D:5)
  A wraith (D:5)
  4 yaks
  A wyvern (D:8)
  Edmund (D:5)
  An acid dragon (D:8)
  Duvessa (D:4)
  2 water moccasins (D:5)
  A black bear (D:5)
  An ice beast (D:5)
  2 orc warriors (D:7)
  3 sky beasts
  3 ogres
  3 centaurs
  A lemure (D:5)
  4 bullfrogs
  A kobold brigand (D:6)
  4 scorpions
  Dowan (D:4)
  5 killer bees (D:8)
  A crimson imp (D:5)
  2 howler monkeys (D:7)
  3 bombardier beetles
  4 hounds
  4 orc priests
  A gnoll bouda (D:7)
  A sleepcap (D:5)
  Ijyb (D:4)
  Terence (D:3)
  2 iguanas
  3 orc wizards
  Robin (D:2)
  2 gnolls (D:7)
  8 adders
  3 shadow imps
  3 white imps
  2 ufetubi (D:5)
  2 ribbon worms
  4 dart slugs
  14 orcs
  A bat (D:1)
  3 endoplasms
  2 giant cockroaches
  16 goblins
  4 hobgoblins
  2 jackals (D:4)
  2 quokkas
  2 ball pythons
  A frilled lizard (D:2)
  4 hobgoblin zombies (D:6)
  12 kobolds
  An orc skeleton (D:6)
  4 orc zombies (D:6)
  3 rats
160 creatures vanquished.

Notes
Turn   | Place    | Note
-------+----------+-------------------------------------------
     0 | D:5      | zenocrate the Kobold Delver began the quest for the Orb.
     0 | D:5      | Reached XP level 1. HP: 14/14 MP: 1/1
    15 | D:5      | Noticed a centaur
    20 | D:5      | Killed a centaur
    21 | D:5      | Reached skill level 7 in Stealth
    21 | D:5      | Reached XP level 2. HP: 19/19 MP: 2/2
    21 | D:5      | Reached XP level 3. HP: 23/23 MP: 3/3
    21 | D:5      | Reached XP level 4. HP: 28/28 MP: 4/4
   125 | D:4      | Noticed a scorpion
   129 | D:4      | Killed a scorpion
   130 | D:4      | Reached XP level 5. HP: 32/32 MP: 5/5
   205 | D:4      | Reached XP level 6. HP: 38/38 MP: 6/6
   234 | D:4      | Reached skill level 8 in Stealth
   375 | D:4      | Reached skill level 5 in Short Blades
   482 | D:4      | Noticed Ijyb
   486 | D:4      | Killed Ijyb
   664 | D:3      | Noticed Terence
   668 | D:3      | Killed Terence
   953 | D:3      | Noticed a +0 hand axe
   953 | D:3      | Noticed a +0 hand axe
   959 | D:3      | Found a hide-covered altar of Uskayaw.
  1733 | D:1      | Reached XP level 7. HP: 39/43 MP: 7/7
  2577 | D:2      | Noticed Robin
  2598 | D:2      | Killed Robin
  2843 | D:2      | Got Ystroa's Atlas of the Missiles
  3278 | D:4      | Reached skill level 5 in Dodging
  3516 | D:4      | Noticed Dowan
  3526 | D:4      | Noticed Duvessa
  3536 | D:4      | Killed Duvessa
  3537 | D:4      | Reached skill level 5 in Fighting
  3537 | D:4      | Reached skill level 9 in Stealth
  3537 | D:4      | Reached XP level 8. HP: 37/49 MP: 8/8
  3543 | D:4      | Killed Dowan
  4128 | D:5      | Found a shadowy altar of Dithmenos.
  4141 | D:5      | Noticed Edmund
  4146 | D:5      | Killed Edmund
  4214 | D:5      | Reached skill level 10 in Stealth
  4214 | D:5      | Reached skill level 1 in Evocations
  4214 | D:5      | Reached XP level 9. HP: 55/55 MP: 9/9
  4296 | D:5      | Noticed Pikel
  4323 | D:5      | Killed Pikel
  4642 | D:5      | Reached skill level 11 in Stealth
  4837 | D:5      | Found a shimmering altar of Xom.
  4837 | D:5      | Found a burning altar of Makhleb.
  5085 | D:6      | Found a glowing golden altar of the Shining One.
  5344 | D:6      | Reached XP level 10. HP: 60/60 MP: 10/10
  5364 | D:6      | Found Apue's Antique Weapon Shop.
  6112 | D:7      | Found a staircase to the Ecumenical Temple.
  6203 | Temple   | Entered the Ecumenical Temple
  6246 | D:7      | Found an iron altar of Okawaru.
  6258 | D:7      | Found a blossoming altar of Fedhas.
  6551 | D:7      | Found an ancient bone altar of Kikubaaqudgha.
  6793 | D:7      | Reached skill level 12 in Stealth
  7280 | D:7      | Found a broken altar of Ashenzari.
  7349 | D:7      | Reached skill level 10 in Short Blades
  7896 | D:8      | Noticed Amaemon
  8295 | D:8      | Noticed an orange demon
  8306 | D:8      | HP: 4/94 [orange demon[Amaemon] (5)]
  8308 | D:8      | Succumbed to Amaemon's poison

Illustrated notes

Levels and vault maps discovered:
D:1:      denvon_arrival_waterhouse, layout_loops_ring
D:2:      layout_basic, minmay_misc_feat_alley, uniq_robin
D:3:      layout_basic, dancing_weapons_uskayaw, uniq_terence
D:4:      minmay_chambers_of_twos, layout_basic, minmay_between, uniq_ijyb,
          uniq_duvessa
D:5:      minmay_spotlight, layout_cave_pools,
          grunt_temple_overflow_champion_of_chaos,
          grunt_dithmenos_smoke_and_mirrors, minmay_misc_feat_nine_boxes,
          minmay_manual_mess, uniq_pikel, uniq_edmund
D:6:      layout_basic, nicolae_tso_besieged_by_evil, serial_shops, shop,
          st_stairs_2
D:7:      layout_loops_corners, okawaru_metal_pillars_3, lemuel_crystal_altar,
          mainiacjoe_overflow_tiny_flanked, kiku_gazebo_garden_becter,
          minmay_temple_entry_junction
D:8:      layout_loops_ring, uniq_amaemon
Temple:   chequers_temple_sunken

Skill      XL: |  1  2  3  4  5  6  7  8  9 10 |
---------------+-------------------------------+-----
Short Blades   | 4 5 6 7 9 10 | 10.4
Dodging        | 3 4 5 6 8 9 |  9.5
Stealth        | 7 8 9 10 11 12 | 12.6
Fighting       | 4 5 6 7 |  7.4
Evocations     | 1 4 |  4.3

Action                     |  1- 3 |  4- 6 |  7- 9 | 10-12 || total
---------------------------+-------+-------+-------+-------++-------
  Melee: Short sword       |     1 |    54 |       |       ||    55
         Dagger            |       |    36 |   270 |   273 ||   579
         Punch             |       |     2 |     1 |     5 ||     8
  Throw: Dart              |       |       |     1 |       ||     1
  Evoke: Wand              |       |       |     1 |     6 ||     7
    Use: Scroll            |       |     3 |     4 |     6 ||    13
         Potion            |       |       |       |     4 ||     4
   Stab: Sleeping          |     1 |    22 |    32 |     7 ||    62
         Distracted        |       |       |     1 |     2 ||     3
         Invisible         |       |       |     1 |       ||     1
 Armour: Leather armour    |       |    21 |    84 |    66 ||   171
         Skin              |       |       |       |    12 ||    12
  Dodge: Dodged            |       |    39 |   140 |   142 ||   321
